 Dungeon Crawl Stone Soup version 0.23.2 (webtiles) character file.

Game seed: 14031934309302307882

169 Fang the Skirmisher (level 5, -5/34 HPs)
             Began as a Gargoyle Berserker on Apr 4, 2019.
             Was a Believer of Trog.
             Killed by divine providence
             ... invoked by an orc priest
              (14 damage)
             ... on level 4 of the Dungeon.
             The game lasted 00:01:40 (2589 turns).

Fang the Skirmisher (Gargoyle Berserker)            Turns: 2589, Time: 00:01:42

Health: -5/34      AC:  6    Str: 22    XL:     5   Next: 50%
Magic:  5/5        EV: 12    Int:  7    God:    Trog [**....]
Gold:   196        SH:  0    Dex:  9    Spells: 4/4 levels left

rFire    . . .     SeeInvis .   a - +0 hand axe
rCold    . . .     Gourm    .   (no shield)
rNeg     + . .     Faith    .   b - +0 animal skin
rPois    ∞         Spirit   .   (no helmet)
rElec    +         Reflect  .   (no cloak)
rCorr    .         Harm     .   (no gloves)
MR       ++...                  (no boots)
Stlth    +.........             (no amulet)
HPRegen  1.11/turn              (no ring)
MPRegen  0.09/turn              (no ring)

@: berserk cooldown, regenerating, slowed, very slow
A: negative energy resistance 1, electricity resistance, unbreathing,
petrification resistance, rot immunity, AC +4
a: Berserk, Trog's Hand, Renounce Religion


You were on level 4 of the Dungeon.
You worshipped Trog.
Trog was pleased with you.
You were very hungry.

You visited 1 branch of the dungeon, and saw 4 of its levels.

You collected 196 gold pieces.

Inventory:

Hand Weapons
 a - a +0 hand axe (weapon)
Armour
 b - a +0 animal skin (worn)
Wands
 m - a wand of disintegration (10)
 r - a wand of scattershot (3)
Scrolls
 d - a scroll of blinking {unknown}
 e - a scroll of identify {unknown}
 f - 2 scrolls of teleportation {unknown}
 i - a scroll of fear {unknown}
 j - 2 scrolls of noise {unknown}
 o - a scroll of amnesia {unknown}
 s - a scroll of immolation {unknown}
Potions
 g - 3 potions of heal wounds {unknown}
 h - a potion of lignification {unknown}
 l - a potion of mutation {unknown}
 n - 2 potions of degeneration {unknown}
 p - 2 potions of flight {unknown}
 q - a potion of haste {unknown}
Comestibles
 c - 8 rations
 k - a chunk of flesh


   Skills:
 + Level 4.3 Fighting
 + Level 3.5 Axes
 + Level 3.5 Armour
 + Level 2.6 Dodging


You had 4 spell levels left.
You didn't know any spells.
Your spell library was empty.

Dungeon Overview and Level Annotations

Branches:
Dungeon (4/15)             Temple (0/1) D:4

Altars:
Makhleb


Innate Abilities, Weirdness & Mutations

You are resistant to torment.
Your stone body is resilient. (AC +4)
You are immune to poison.
You resist negative energy. (rN+)
You are resistant to electric shocks. (rElec)
You can survive without breathing.
You are immune to petrification.
You are immune to rotting.


Message History

You hit the giant cockroach.
The giant cockroach is heavily wounded.
The giant cockroach bites you but does no damage.
The giant cockroach waves its antennae.
The giant cockroach bites you.
Your skin crawls.
You feel resistant to hostile enchantments.
You feel somewhat more hungry.
The giant cockroach completely misses you.
The orc priest invokes the aid of Beogh against you.
Pain shoots through your body!
The giant cockroach bites you but does no damage.
The giant cockroach bites you. The giant cockroach barely misses you.
The worker ant bites you.
* * * LOW HITPOINT WARNING * * *
The orc priest closely misses you.
You hear the slow rusting of a drain nearby.
The orc priest calls down the wrath of Beogh upon you.
Beogh smites you!
You die...

...........#...##.#<.....
#.........#)).##...##.#.
##..#.........###......# a
+..........#..###........
S.##.............##...#..##
..........#.#......#.#..#
##..#(........##..#....#
#......#.###..##...#....
#......s@# #..####. .. #.
#.....oa......#
.....###.##....$.. ###. ###
.###### # .# .# .# .#


You could see a worker ant, an orc priest and a giant cockroach.

Vanquished Creatures
  A centaur zombie (D:2)
  An orc wizard (D:4)
  3 gnolls (D:3)
  2 adders
  An ooze (D:3)
  A dart slug (D:2)
  3 leopard geckos
  2 orcs
  3 bats
  3 giant cockroaches (D:2)
  5 goblins
  4 hobgoblins
  8 jackals
  2 quokkas (D:2)
  3 frilled lizards
  6 kobolds
  3 rats
51 creatures vanquished.

Notes
Turn   | Place    | Note
-------+----------+-------------------------------------------
     0 | D:1      | Fang the Gargoyle Berserker began the quest for the Orb.
     0 | D:1      | Reached XP level 1. HP: 14/14 MP: 1/1
   326 | D:1      | Reached XP level 2. HP: 8/19 MP: 2/2
  1163 | D:2      | Reached XP level 3. HP: 6/24 MP: 3/3
  1475 | D:2      | Reached XP level 4. HP: 21/29 MP: 4/4
  1629 | D:2      | Reached ** piety under Trog
  1819 | D:3      | Reached skill level 4 in Fighting
  1953 | D:3      | Reached XP level 5. HP: 17/33 MP: 5/5
  2224 | D:3      | Found a burning altar of Makhleb.
  2549 | D:4      | Found a staircase to the Ecumenical Temple.
  2589 | D:4      | Killed from afar by an orc priest

Skill      XL: |  1  2  3  4 |
---------------+-------------+-----
Axes           | 3 |  3.5
Dodging        | 2 |  2.6
Armour         | 3 |  3.5
Fighting       | 4 |  4.3

Action                   |  1- 3 |  4- 6 || total
-------------------------+-------+-------++-------
Melee: Hand axe          |    68 |   109 ||   177
Invok: Berserk           |     1 |     2 ||     3
       Trog's Hand       |       |     1 ||     1
 Stab: Sleeping          |       |     2 ||     2
  Eat: Chunk             |     3 |     4 ||     7
Armor: Animal skin       |    18 |    37 ||    55
Dodge: Dodged            |    51 |   100 ||   151
